 Dungeon Crawl Stone Soup version 0.18.1-50-g88ac8fd (webtiles) character file.

22767 magog001 the Blocker (level 12, -5/113 HPs)
             Began as a Minotaur Fighter on July 3, 2017.
             Splashed by an oklob plant's acid (17 damage)
             ... on level 1 of the Lair of Beasts on July 4, 2017.
             The game lasted 01:36:09 (14806 turns).

magog001 the Blocker (Minotaur Fighter)            Turns: 14806, Time: 01:36:13

Health: -5/113     AC: 18    Str: 26    XL:     12   Next: 65%
Magic:  11/11      EV: 13    Int:  5    God:
Gold:   544        SH:  0    Dex: 15    Spells: 0 memorised, 11 levels left

rFire  x . .     SeeInvis .     o - +2 arbalest (flame)
rCold  + + +     Gourm    .     P - +3 ice dragon armour "Luezicop" {rF- rC++ Dex+4}
rNeg   . . .     Faith    .     (shield currently unavailable)
rPois  .         Spirit   .     (helmet restricted)
rElec  .         Dismiss  .     g - +2 cloak
rCorr  .         Reflect  .     A - +1 pair of gloves
SustAt .         Harm     .     S - +2 pair of boots
MR     +....                    (no amulet)
Stlth  +.........               (no ring)
                                I - ring of flight

@: corroded, somewhat resistant to hostile enchantments, very unstealthy
A: retaliatory headbutt, fangs 1, hooves 1, horns 2, rough black scales 1, thin
skeletal structure 1, cold resistance 1, magic resistance 1, robust 1,
MP-powered wands
a: Evoke Flight


You were on level 1 of the Lair of Beasts.
You were not hungry.

You visited 2 branches of the dungeon, and saw 13 of its levels.
You also visited: Ice Cave.

You collected 664 gold pieces.
You spent 120 gold pieces at shops.

Inventory:

Hand Weapons
 a - a +6 war axe
 o - a +2 arbalest of flaming (weapon)
 O - a +0 demon blade of electrocution
Missiles
 m - 3 tomahawks
 p - 61 poisoned needles
 u - 13 bolts (quivered)
 v - 5 javelins
 F - 2 curare-tipped needles
 H - 3 throwing nets
Armour
 c - a +0 shield
 g - a +2 cloak (worn)
 A - a +1 pair of gloves (worn)
 P - the +3 ice dragon armour "Luezicop" (worn) {rF- rC++ Dex+4}
   (You found it in an ice cave)

   It affects your dexterity (+4).
   It makes you vulnerable to fire.
   It greatly protects you from cold.
 Q - a +2 fire dragon armour
 S - a +2 pair of boots (worn)
Jewellery
 I - a ring of flight (left hand)
Wands
 e - a wand of flame (10/48)
 k - a wand of confusion (27/48)
Scrolls
 j - 7 scrolls of remove curse
 r - a scroll of fog
 z - 6 scrolls of teleportation
 D - a scroll of magic mapping
 G - a scroll of noise {unknown}
 M - a scroll of vulnerability {unknown}
Potions
 h - a potion of beneficial mutation {unknown}
 l - a potion of berserk rage
 q - a potion of cancellation {unknown}
 s - 2 potions of haste
 t - a potion of lignification
 w - a potion of agility
 x - a potion of magic
 E - 2 potions of curing
 J - 3 potions of heal wounds
 K - a potion of might
 L - 2 potions of flight
Miscellaneous
 B - a box of beasts
Comestibles
 b - 2 meat rations
 d - a beef jerky
 f - 8 bread rations
 i - 7 fruits
 n - 12 slices of pizza
 C - 10 royal jellies


   Skills:
 + Level 8.5 Fighting
 * Level 13.5 Axes
 * Level 5.2 Crossbows
 - Level 4.1 Throwing
 * Level 11.4 Armour
 - Level 5.1 Dodging
 + Level 1.4 Stealth
 * Level 13.8 Shields
 + Level 0.3 Evocations


You had 11 spell levels left.
You didn't know any spells.

Dungeon Overview and Level Annotations

Branches:
Dungeon (11/15)            Temple (0/1) D:4            Lair (2/8) D:11
    Orc (0/2) D:11

Altars:
Cheibriados
Dithmenos
Kikubaaqudgha
Okawaru
Qazlal
Ru
Trog
Vehumet
Xom
Yredelemnul
The Shining One

Shops:
D:4 :   D:8 :   D:10 [

Portals:
Trove: D:10 (give +4 fire dragon armour)

Annotations:
Lair:1 exclusion: 2 oklob plants


Innate Abilities, Weirdness & Mutations

You reflexively headbutt those who attack you in melee.
You have a pair of horns on your head.
You have very sharp teeth.
You have large cloven feet.
You are partially covered in rough black scales (AC +4, Dex -1).
You have a somewhat thin skeletal structure (Dex +2, Stealth).
Your flesh is cold resistant.
You are resistant to hostile enchantments.
You are robust (+10% HP).
You expend magic power (3 MP) to strengthen your wands.


Message History

The bolt burns the oklob plant.
The oklob plant is almost destroyed.
The oklob plant spits acid at you. The splash of acid hits you!
The acid burns!
The oklob plant spits acid at you. The splash of acid hits you!
* * * LOW HITPOINT WARNING * * *
The acid burns!
* * * LOW HITPOINT WARNING * * *
Firing (i - inventory. (,) - cycle):
u - 14 bolts (quivered)
Press: ? - help, Shift-Dir - straight line, f/p - oklob plant
Aim: an oklob plant (almost destroyed)
You shoot a bolt. The bolt hits the oklob plant.
The bolt burns the oklob plant.
The oklob plant is almost destroyed.
The oklob plant spits acid at you. The splash of acid hits you!
* * * LOW HITPOINT WARNING * * *
The acid burns!
You die...

#......# ########....#
#PPPPPP#....##
#≈≈≈≈≈≈#...[.#########
#≈....≈#....##.##.##P####
**#......#.................
*,.......#.................
*,.......'.................
*,.......#@................
**#......#.................
#≈....≈#.................
#≈≈≈≈≈≈#####.#.#.########


#PP(PPP* ####### #######* # # # You could see 2 oklob plants.

Vanquished Creatures
  A vault guard (D:10)
  The ghost of magog001 the Bolt Thrower, a novice CeHu of Nemelex Xobeh (D:8)
  5 hill giants
  3 ugly things (D:11)
  An oklob plant (Lair:1)
  A griffon (Lair:1)
  2 ice statues (IceCv)
  4 spiny frogs
  4 komodo dragons
  8 ice devils (IceCv)
  A queen bee (D:9)
  3 trolls
  A polar bear (D:11)
  2 two-headed ogres (D:8)
  5 yaks
  A basilisk (Lair:2)
  A human (D:8)
  6 hippogriffs
  A steam dragon (D:11)
  Grum (D:9)
  2 wargs (D:11)
  3 hungry ghosts
  4 water moccasins
  4 orc warriors
  3 porcupines
  2 phantoms
  5 ice beasts
  A wasp (D:9)
  A black bear (D:9)
  3 ogres
  2 sky beasts (D:9)
  A necrophage (D:8)
  5 wolves
  4 centaurs
  5 crocodiles
  3 big kobolds
  8 giant frogs
  2 gnoll sergeants
  A water moccasin skeleton (D:7)
  3 scorpions
  25 killer bees
  6 wights
  An electric eel (Lair:2)
  7 howler monkeys
  5 crimson imps
  2 giant frog zombies
  2 hounds
  2 quasits (D:10)
  9 orc wizards
  A jelly (D:10)
  6 orc priests
  A centaur skeleton (D:8)
  A giant frog skeleton (D:8)
  Terence (D:3)
  6 iguanas
  3 worker ants
  3 sheep (D:8)
  4 giant frog simulacra (D:11)
  A mummy (D:8)
  3 worker ant zombies
  11 adders
  15 gnolls
  42 river rats
  5 shadow imps
  8 white imps
  A worker ant simulacrum (D:11)
  11 ufetubi
  An ooze (D:2)
  4 worms
  8 giant geckos
  35 orcs
  8 bats
  5 giant cockroaches
  14 goblins
  13 hobgoblins
  9 jackals
  3 quokkas
  A ball python (D:1)
  2 giant gecko skeletons
  A giant newt (D:2)
  A jackal skeleton (D:6)
  27 kobolds
  A quokka skeleton (D:8)
  7 rats
436 creatures vanquished.

Vanquished Creatures (others)
  A killer bee (D:11)
  A jelly (D:11)
  A white imp (IceCv)
  2 ufetubi (IceCv)
5 creatures vanquished.

Grand Total: 441 creatures vanquished

Notes
Turn   | Place    | Note
--------------------------------------------------------------
     0 | D:1      | magog001 the Minotaur Fighter began the quest for the Orb.
     0 | D:1      | Reached XP level 1. HP: 19/19 MP: 0/0
   158 | D:1      | Reached XP level 2. HP: 27/27 MP: 1/1
  1010 | D:2      | Reached XP level 3. HP: 30/33 MP: 2/2
  1113 | D:2      | Found a shimmering altar of Xom.
  1205 | D:2      | Found a faded altar to an unknown god.
  1349 | D:2      | Found a radiant altar of Vehumet.
  1351 | D:2      | Found a sacrificial altar of Ru.
  1434 | D:2      | Reached XP level 4. HP: 40/40 MP: 3/3
  1531 | D:3      | Noticed Terence
  1543 | D:3      | Killed Terence
  1778 | D:3      | Reached skill level 5 in Shields
  1919 | D:3      | Reached skill level 1 in Dodging
  1923 | D:3      | Reached XP level 5. HP: 42/46 MP: 4/4
  2061 | D:3      | Reached skill level 5 in Armour
  2437 | D:4      | Found a staircase to the Ecumenical Temple.
  2602 | D:4      | Found Bauw's Book Shoppe.
  2714 | D:4      | Found an ancient bone altar of Kikubaaqudgha.
  2781 | D:4      | Reached XP level 6. HP: 43/52 MP: 5/5
  2930 | D:5      | Entered Level 5 of the Dungeon
  3137 | D:5      | Found a stormy altar of Qazlal.
  3138 | D:5      | Noticed a fire elemental
  3148 | D:5      | Noticed a water elemental
  3148 | D:5      | Noticed an air elemental
  3525 | D:5      | Reached XP level 7. HP: 59/59 MP: 6/6
  3563 | D:5      | Found a bloodstained altar of Trog.
  3954 | D:5      | Found a glowing golden altar of the Shining One.
  4430 | D:6      | Reached skill level 5 in Axes
  4560 | D:6      | Gained mutation: You have very sharp teeth. [potion of mutation]
  4560 | D:6      | Gained mutation: You have a somewhat thin skeletal structure (Dex +2, Stealth). [potion of mutation]
  4560 | D:6      | Gained mutation: You expend magic power (3 MP) to strengthen your wands. [potion of mutation]
  4699 | D:6      | Reached XP level 8. HP: 63/66 MP: 7/7
  5734 | D:6      | Found a bloodstained altar of Trog.
  5734 | D:6      | Found an iron altar of Okawaru.
  5936 | D:7      | Reached skill level 1 in Throwing
  5977 | D:7      | Got a warped robe
  6051 | D:7      | Noticed a troll
  6060 | D:7      | Killed a troll
  6521 | D:7      | Reached XP level 9. HP: 73/73 MP: 8/8
  6607 | D:8      | Reached skill level 1 in Stealth
  6609 | D:8      | Reached skill level 5 in Fighting
  6822 | D:8      | Noticed magog001's ghost (novice CeHu)
  6842 | D:8      | Killed magog001's ghost
  6842 | D:8      | Reached skill level 10 in Shields
  7162 | D:8      | Found a snail-covered altar of Cheibriados.
  7185 | D:8      | Found Huckij's Book Shoppe.
  7352 | D:8      | Reached XP level 10. HP: 82/82 MP: 9/9
  7479 | D:8      | Identified the cursed +1 robe of Opne {rN+ Int+3} (You found it on level 7 of the Dungeon)
  7927 | D:9      | Reached skill level 5 in Dodging
  7986 | D:9      | Found a basalt altar of Yredelemnul.
  8047 | D:9      | Gained mutation: You have large cloven feet. [mutagenic meat]
  8048 | D:9      | Gained mutation: You are robust (+10% HP). [mutagenic meat]
  8049 | D:9      | Gained mutation: You are resistant to hostile enchantments. [mutagenic meat]
  8050 | D:9      | Gained mutation: Your flesh is cold resistant. [mutagenic meat]
  8051 | D:9      | Gained mutation: You are partially covered in rough black scales (AC +4, Dex -1). [mutagenic meat]
  8141 | D:9      | Noticed Grum
  8156 | D:9      | Killed Grum
  8325 | D:9      | Found a shadowy altar of Dithmenos.
  8570 | D:9      | Reached skill level 1 in Crossbows
  8935 | D:10     | Entered Level 10 of the Dungeon
  9311 | D:10     | Noticed a vault guard
  9333 | D:10     | Killed a vault guard
  9333 | D:10     | Reached skill level 10 in Axes
  9333 | D:10     | Reached skill level 10 in Armour
  9342 | D:10     | Found a portal to a secret trove of treasure.
  9376 | D:10     | Reached XP level 11. HP: 86/97 MP: 10/10
  9440 | D:10     | Found Pikom's Antique Armour Boutique.
  9448 | D:10     | Bought a runed scale mail for 120 gold pieces
  9640 | D:10     | Noticed a hill giant
  9652 | D:10     | Killed a hill giant
 10191 | D:11     | Noticed a purple ugly thing
 10201 | D:11     | Killed a purple ugly thing
 10248 | D:11     | Noticed a hill giant
 10258 | D:11     | Killed a hill giant
 10320 | D:11     | Found a snail-covered altar of Cheibriados.
 10441 | D:11     | Found a staircase to the Lair.
 10479 | D:11     | Found a frozen archway.
 10485 | D:11     | Noticed a hill giant
 10487 | D:11     | Noticed a hill giant
 10490 | IceCv    | Entered an ice cave
 11290 | IceCv    | Got a distressingly furry ice dragon armour
 11306 | IceCv    | Identified the +3 ice dragon armour "Luezicop" {rF- rC++ Dex+4} (You found it in an ice cave)
 11393 | D:11     | Killed a hill giant
 11401 | D:11     | Killed a hill giant
 11492 | D:11     | Reached XP level 12. HP: 111/111 MP: 11/11
 11553 | D:11     | Found a staircase to the Orcish Mines.
 12632 | Lair:1   | Entered Level 1 of the Lair of Beasts
 13921 | Lair:2   | Reached skill level 5 in Crossbows
 14806 | Lair:1   | Splashed by an oklob plant's acid

Skill      XL: |  1  2  3  4  5  6  7  8  9 10 11 12 |
---------------+-------------------------------------+-----
Armour         | 4 5 6 8 10 11 | 11.4
Shields        | 4 5 6 7 8 10 11 13 | 13.8
Axes           | 3 4 5 6 8 10 12 13 | 13.5
Dodging        | 1 2 3 4 5 |  5.1
Fighting       | 4 5 6 7 8 |  8.5
Throwing       | 2 3 4 |  4.1
Stealth        | 1 |  1.4
Crossbows      | 2 4 5 |  5.2
Evocations     | |  0.3

Action                   |  1- 3 |  4- 6 |  7- 9 | 10-12 || total
-------------------------+-------+-------+-------+-------++-------
Melee: War axe           |    80 |   141 |   285 |   845 ||  1351
       Headbutt          |    13 |    24 |    48 |   176 ||   261
       Bite              |       |       |    22 |   116 ||   138
 Fire: Arbalest          |       |       |       |    22 ||    22
Throw: Javelin           |       |       |     5 |       ||     5
Evoke: Wand              |       |       |       |     5 ||     5
  Use: Scroll            |       |       |    16 |    12 ||    28
       Potion            |       |       |     9 |     5 ||    14
  Eat: Chunk             |     2 |       |     7 |    15 ||    24
       Meat ration       |       |     2 |       |     1 ||     3
       Beef jerky        |       |       |     2 |     1 ||     3
       Bread ration      |       |       |     2 |     2 ||     4
       Fruit             |       |       |       |     2 ||     2
       Royal jelly       |       |       |       |     1 ||     1
Armor: Scale mail        |    28 |    58 |   102 |   111 ||   299
       Skin              |       |       |     4 |       ||     4
       Plate armour      |       |       |       |   146 ||   146
       Ice dragon armour |       |       |       |    75 ||    75
Dodge: Dodged            |    23 |    47 |   101 |   276 ||   447
Block: Shield            |    50 |    65 |   189 |   520 ||   824
